[Event "Live Chess"]
[Site "Chess.com"]
[Date "2024.06.02"]
[Round "-"]
[White "lateforthesky"]
[Black "seasidecastle27"]
[Result "1-0"]
[WhiteElo "2044"]
[BlackElo "1942"]
[TimeControl "300"]
[EndTime "5:06:02 PDT"]
[Termination "lateforthesky won by checkmate"]

1. e4 e6 2. d4 d5 3. e5 c5 4. c3 Nc6 5. Nf3 Bd7 6. Be2 Qb6 7. O-O Nge7 8. Na3 Nf5 9. Nc2 cxd4 10. cxd4 Nb4 11. Nxb4 Bxb4 12. g4 Nh6 13. h3 Bb5 14.
Kg2 Bxe2 15. Qxe2 Rc8 16. a3 Be7 17. Be3 O-O 18. Rfc1 Rc6 19. Rxc6 bxc6 20. Rc1 Rb8 21. Ne1 Kf8 22. Nd3 Ng8 23. Qc2 Rc8 24. b4 a5 25. Nc5 Bxc5 26. bxc5 Qa7 27. Rb1 Rb8 28. Bd2 Rb5 29. a4 Rxb1 30. Qxb1 Ne7 31. Qb6 Qa8 32.
Qxa5 Qe8 33. Qa7 f6 34. exf6 gxf6 35. a5 Qg6 36. Be3 Qe4+ 37. Kg1 Qb1+ 38. Kh2 f5 39. Qd7 Qe4 40. Bg5 Ng6 41. Bh6+ Kg8 42. Qg7# 1-0

[Event "Live Chess"]
[Site "Chess.com"]
[Date "2024.06.02"]
[Round "-"]
[White "RichardABates"]
[Black "juniortay"]
[Result "1/2-1/2"]
[WhiteElo "2340"]
[BlackElo "2355"]
[TimeControl "300"]
[EndTime "5:06:12 PDT"]
[Termination "Game drawn by repetition"]

1. d4 d5 2. c4 e6 3. Nf3 c5 4. cxd5 exd5 5. Nc3 Nc6 6. dxc5 d4 7. Na4 Bxc5 8.
Nxc5 Qa5+ 9. Bd2 Qxc5 10. Rc1 Qb6 11. e3 Nge7 12. Bc4 O-O 13. O-O Rd8 14. Ng5 Ne5 15. Bb3 h6 16. exd4 Qxd4 17. Bc3 Qxd1 18. Rcxd1 Bg4 19.
f3 Bh5 20. Bxe5 hxg5 21. Bc7 Rdc8 22. Rd7 Nc6 23. Re1 Re8 24. Rxe8+ Rxe8 25. Kf2 Bg6 26. Bd6 Nd4 27. Rxb7 Re2+ 28. Kf1 Bd3 29. Bxf7+ Kh7 30.
Kg1 Re1+ 31. Kf2 Re2+ 32. Kg1 Re1+ 33. Kf2 Re2+ 34. Kg1 1/2-1/2

[Event "Live Chess"]
[Site "Chess.com"]
[Date "2024.06.02"]
[Round "-"]
[White "TheSmoulderingMaster"]
[Black "Queensandpawns"]
[Result "0-1"]
[WhiteElo "1772"]
[BlackElo "2264"]
[TimeControl "300"]
[EndTime "5:06:25 PDT"]
[Termination "Queensandpawns won by checkmate"]

1. e4 e5 2. Nf3 Nf6 3. Nxe5 Nc6 4. Nxc6 dxc6 5. Bc4 Bc5 6. O-O Ng4 7. h3 Nxf2 8. Rxf2 Bxf2+ 9. Kxf2 Qd4+ 10. Kf1 Qxc4+ 11.
d3 Qe6 12. Nc3 Bd7 13. Be3 O-O-O 14. a4 f5 15. a5 f4 16. Bxa7 f3 17. gxf3 Qxh3+ 18. Ke2 Rhf8 19. Kd2 Qg2+ 20. Ne2 Qxf3 21. c3 Bg4 22.
Nd4 Qxd1+ 23. Rxd1 Bxd1 24. Kxd1 Rf2 25. a6 Rxb2 26. axb7+ Kxb7 27. Bc5 Ra8 28. e5 Ra1# 0-1

[Event "Live Chess"]
[Site "Chess.com"]
[Date "2024.06.02"]
[Round "-"]
[White "ZatixMajor"]
[Black "ClassyChameleon"]
[Result "1-0"]
[WhiteElo "2035"]
[BlackElo "1555"]
[TimeControl "300"]
[EndTime "5:06:58 PDT"]
[Termination "ZatixMajor won on time"]

1. c4 e5 2. g3 Nc6 3. Bg2 Bc5 4. Nc3 Nf6 5. Nf3 O-O 6. O-O d6 7. d3 a6 8. a3 Bg4 9. Bg5 h6 10. b4 Ba7 11. Bd2 Nd4 12. Nxd4 exd4 13. Ne4 Nxe4 14. Bxe4 Re8 15. Kg2 c6 16. h3 d5 17.
hxg4 dxe4 18. Rh1 e3 19. fxe3 dxe3 20. Bc3 Bd4 21. Qc2 Qf6 22. Raf1 Qd6 23. c5 Qd5+ 24.
Kg1 Re6 25. Qb2 Bxc3 26. Qxc3 Rg6 27. Rf4 Re8 28. Kh2 Ree6 29. Rhf1 f6 30. Rf5 Qd7 31.
Qc4 Kh7 32. Qf4 Qf7 33. Rf3 Qe7 34. Rh5 Rg5 35. Rxg5 hxg5 36. Qc4 Qd7 37. Kg2 Kg6 38. Qc1 Kf7 39. Rxe3 Rxe3 40. Qxe3 Qd5+ 41. Qf3 Qa2 42.
d4 Qa1 43. Qd3 Qa2 44. Kf3 g6 45. e4 Qa1 46. Qc4+ Kg7 47. Qe2 Qxa3+ 48. Qe3 Qxb4 49. e5 1-0

[Event "Live Chess"]
[Site "Chess.com"]
[Date "2024.06.02"]
[Round "-"]
[White "Victor_Bondar"]
[Black "MovebyMove"]
[Result "0-1"]
[WhiteElo "1460"]
[BlackElo "2486"]
[TimeControl "300"]
[EndTime "5:07:06 PDT"]
[Termination "MovebyMove won by checkmate"]

1. e4 e5 2. Nf3 Nc6 3. d4 exd4 4. Nxd4 Nf6 5. Nxc6 bxc6 6. Bd3 d5 7. exd5 cxd5 8.
O-O Be7 9. Re1 O-O 10. Bg5 h6 11. Bh4 c5 12. Nc3 Be6 13. h3 c4 14. Bf1 Rb8 15. Rb1 Qa5 16. a3 Rfd8 17. Qd4 Qb6 18. Qe5 Bd6 19. Qe2 g5 20. Nd1 gxh4 21. Ne3 Kh7 22.
Ng4 Nxg4 23. hxg4 Rg8 24. Kh1 Rxg4 25. f3 Rg3 26. Red1 Rbg8 27. c3 h3 28. Rd4 hxg2+ 29. Bxg2 Rxg2 30. Qxg2 Rxg2 31. Kxg2 Be5 32. Rh4 Qe3 33.
Rbh1 Bf4 34. a4 Qe2+ 35. Kg1 Be3# 0-1

[Event "Live Chess"]
[Site "Chess.com"]
[Date "2024.06.02"]
[Round "-"]
[White "booktrunk"]
[Black "RuslanChessN"]
[Result "0-1"]
[WhiteElo "1505"]
[BlackElo "1920"]
[TimeControl "300"]
[EndTime "5:07:19 PDT"]
[Termination "RuslanChessN won by resignation"]

1. d4 d5 2. Nc3 Bf5 3. Bf4 e6 4. Nf3 Nf6 5. e3 Bd6 6. Bxd6 Qxd6 7. Be2 O-O 8. O-O b6 9. a3 c5 10. Nb5 Qe7 11. dxc5 bxc5 12. Ne5 Nbd7 13. Nc7 Rab8 14. Rb1 Nxe5 15. Na6 Rb6 16. b4 Nfd7 17. bxc5 Nxc5 18. Nb4 Rfb8 19. Qd2 Ne4 20. Qd3 Nxd3 0-1

[Event "Live Chess"]
[Site "Chess.com"]
[Date "2024.06.02"]
[Round "-"]
[White "jimwad"]
[Black "Ninifu"]
[Result "0-1"]
[WhiteElo "1302"]
[BlackElo "2010"]
[TimeControl "300"]
[EndTime "5:07:23 PDT"]
[Termination "Ninifu won by resignation"]

1. c4 e5 2. g3 Nf6 3. Bg2 d5 4. cxd5 Nxd5 5. d4 Nb4 6. Qa4+ N8c6 7. Bxc6+ Nxc6 8. dxe5 Bd7 9. Bf4 Bb4+ 10. Nc3 Qe7 11. Qc2 O-O-O 12. O-O-O Bf5 13. e4 Bg6 14. Nge2 Nxe5 15.
Bxe5 Qxe5 16. f3 Qc5 17. Nd5 Rxd5 18. Rxd5 Qxd5 19. Qxc7+ Kxc7 20. exd5 Re8 21. Nc3 Bxc3 22. bxc3 Re2 23. a4 Ra2 24. h4 Ra1+ 0-1

[Event "Live Chess"]
[Site "Chess.com"]
[Date "2024.06.02"]
[Round "-"]
[White "Bradfield133"]
[Black "MaksymYurii"]
[Result "1-0"]
[WhiteElo "1836"]
[BlackElo "999"]
[TimeControl "300"]
[EndTime "5:07:23 PDT"]
[Termination "Bradfield133 won by resignation"]

1. c4 e5 2. g3 Nc6 3. Bg2 Nf6 4.
Nc3 Bc5 5. e3 d6 6. Nge2 O-O 7.
O-O a6 8. h3 h6 9. b3 b5 10.
Bxc6 bxc4 11. bxc4 Rb8 12. Bg2 Bb7 13. Nd5 Bxd5 14.
cxd5 Rb5 15. a4 Ra5 16. d4 exd4 17. Nxd4 Bxd4 18. Qxd4 Qd7 19. Bb2 Rxa4 20. Qxa4 Qf5 21. Qxa6 Nxd5 22. Ra5 Nb6 23. Rxf5 1-0

[Event "Live Chess"]
[Site "Chess.com"]
[Date "2024.06.02"]
[Round "-"]
[White "bonantagulo"]
[Black "Grace6363"]
[Result "1-0"]
[WhiteElo "2226"]
[BlackElo "1142"]
[TimeControl "300"]
[EndTime "5:07:24 PDT"]
[Termination "bonantagulo won by checkmate"]

1. d4 Nf6 2. c4 g6 3. Nf3 Bg7 4. Nc3 d5 5. cxd5 Nxd5 6. e4 Nxc3 7. bxc3 O-O 8. Be2 c5 9. O-O Nc6 10. Be3 Qa5 11. d5 Bxc3 12. dxc6 Bxa1 13. Qxa1 bxc6 14.
Bh6 Rd8 15. Qg7# 1-0

[Event "Live Chess"]
[Site "Chess.com"]
[Date "2024.06.02"]
[Round "-"]
[White "GEMdzq"]
[Black "Dhaydon19"]
[Result "0-1"]
[WhiteElo "2292"]
[BlackElo "2639"]
[TimeControl "300"]
[EndTime "5:07:25 PDT"]
[Termination "Dhaydon19 won by resignation"]

1. e4 c6 2. d4 d5 3. e5 c5 4.
dxc5 Nc6 5. Bb5 e6 6. Be3 Bd7 7.
Bxc6 Bxc6 8. b4 Qc7 9. Nf3 Ne7 10.
Bd4 Nf5 11. O-O b6 12. cxb6 axb6 13. c3 Be7 14. Re1 O-O 15. a4 Nxd4 16. Nxd4 Bd7 17. Qd3 Rxa4 18. Rxa4 Bxa4 19. b5 Bc5 20. Nd2 Bxd4 21.
cxd4 Rc8 22. h4 h6 23. Ra1 Bc2 24. Qf3 Bg6 25. h5 Bh7 26. Ra6 Qc1+ 27. Nf1 Qb1 28. Ra7 Rf8 29. Ra3 Qxb5 30. Ne3 Qb4 31. Ng4 Qxd4 32.
Nxh6+ gxh6 33. Qf6 Qd1+ 34. Kh2 Qxh5+ 35. Rh3 Qf5 36.
Qxh6 Qxe5+ 37. f4 Qg7 38. Rg3 Bg6 39. Qg5 d4 40. Qb5 d3 41. Qxb6 Qh6+ 42. Rh3 Qxf4+ 43. Kg1 d2 0-1

[Event "Live Chess"]
[Site "Chess.com"]
[Date "2024.06.02"]
[Round "-"]
[White "BearFromUkraine"]
[Black "LL220284LL"]
[Result "0-1"]
[WhiteElo "988"]
[BlackElo "2500"]
[TimeControl "300"]
[EndTime "5:07:40 PDT"]
[Termination "LL220284LL won by checkmate"]

1. e4 c5 2. Nf3 g6 3. d4 cxd4 4.
Nxd4 Bg7 5. Be3 Nc6 6. Nxc6 bxc6 7. Nc3 Nf6 8. Be2 O-O 9. O-O d5 10. exd5 Nxd5 11. Nxd5 cxd5 12. c3 e5 13. Bc5 Re8 14.
Qd2 Bb7 15. Ba3 d4 16. cxd4 exd4 17. Qd3 Be4 18. Qd2 d3 19. Bd1 Rc8 20. Bb3 Qf6 21.
Rac1 Bf5 22. Rxc8 Rxc8 23. Rc1 Re8 24. Bc4 Qd4 25. b3 Re2 26. Qc3 Qxc3 27. Rxc3 Re1# 0-1

[Event "Live Chess"]
[Site "Chess.com"]
[Date "2024.06.02"]
[Round "-"]
[White "JanMur7"]
[Black "Ferrarifan27"]
[Result "1-0"]
[WhiteElo "2296"]
[BlackElo "2153"]
[TimeControl "300"]
[EndTime "5:07:59 PDT"]
[Termination "JanMur7 won by checkmate"]

1. e4 e5 2. Nf3 Nc6 3. Bc4 Bc5 4.
d3 Nf6 5. Nc3 O-O 6. Bg5 h6 7.
Bh4 Bb4 8. h3 d6 9. g4 Nd4 10.
a3 Bxc3+ 11. bxc3 Nxf3+ 12. Qxf3 g5 13. Bg3 Be6 14. Bxe6 fxe6 15. Qe3 Kg7 16. f3 Qd7 17. h4 Kg6 18. hxg5 hxg5 19. Ke2 Rh8 20. Qf2 Qg7 21. Qg2 Rxh1 22. Rxh1 Rh8 23. c4 Rxh1 24. Qxh1 Qh6 25.
Qxh6+ Kxh6 26. Bf2 a6 27. Kd2 Kg6 28. c5 Nd7 29.
cxd6 cxd6 30. Kc3 d5 31. Kb4 b6 32. a4 Kf6 33. a5 b5 34. Ba7 Kg6 35. exd5 exd5 36.
c4 dxc4 37. dxc4 bxc4 38. Kxc4 Nf6 39. Kd3 e4+ 40. fxe4 Nxg4 41. Kd4 Kf6 42. Kd5 Ke7 43. Kc6 Nf6 44. e5 Nd7 45. Bd4 g4 46. Kb7 g3 47. Kxa6 g2 48. Kb7 Nxe5 49. a6 Nc4 50.
a7 Nd6+ 51. Kc6 Nf5 52. Bc5+ Ke6 53. a8=Q Ne7+ 54. Kb5 Nd5 55. Qg8+ Ke5 56. Qxg2 Nc7+ 57. Kc6 Ne6 58. Qe2+ Kf6 59. Qf3+ Ke5 60. Qd5+ Kf6 61. Bd4+ Kf7 62. Kd6 Kf8 63. Kxe6 Kg8 64. Qa8+ Kh7 65. Qh8+ Kg6 66. Qg7+ Kh5 67. Kf5 Kh4 68. Qg4# 1-0

[Event "Live Chess"]
[Site "Chess.com"]
[Date "2024.06.02"]
[Round "-"]
[White "halfberg"]
[Black "KeithArkell"]
[Result "0-1"]
[WhiteElo "1897"]
[BlackElo "2431"]
[TimeControl "300"]
[EndTime "5:08:04 PDT"]
[Termination "KeithArkell won on time"]

1. e4 c6 2. d4 d5 3. Nc3 dxe4 4. Nxe4 Nd7 5. Qe2 Ndf6 6. Nf3 Nxe4 7. Qxe4 Nf6 8. Qh4 Bf5 9. c3 e6 10. Be2 Be7 11.
O-O O-O 12. Bg5 Nd5 13. Bxe7 Qxe7 14. Qxe7 Nxe7 15. Ne5 Rfd8 16. Rfd1 f6 17. Nf3 Bg4 18. h3 Bxf3 19. Bxf3 Rd6 20. Rd2 Rad8 21. Rad1 b6 22. g3 c5 23. Kf1 Kf7 24. Ke2 Nf5 25. dxc5 Rxd2+ 26. Rxd2 Rxd2+ 27. Kxd2 bxc5 28. Kd3 Nd6 29. b4 cxb4 30. cxb4 Ke7 31. a4 e5 32. Bd5 Kd7 33.
g4 h6 34. Kc3 Nc8 35. a5 Ne7 36. Be4 g6 37. b5 f5 38. gxf5 gxf5 39. Bb7 Kc7 40.
Bg2 Ng6 41. Kc4 Nf4 42. Bf1 Kd6 43. Kb4 Nd5+ 44. Kc4 Nf4 45. Kb4 h5 46. b6 axb6 47. axb6 Kc6 48. Ka5 Nd5 49. Ka6 Nxb6 50. Bb5+ Kc7 51. h4 Nd5 52. Be8 Nf6 53. Bg6 f4 54. Kb5 Kd6 55. Kc4 Ke7 56. f3 Kf8 57. Kd3 Kg7 58.
Bf5 Kf7 59. Bc8 Ne8 0-1

[Event "Live Chess"]
[Site "Chess.com"]
[Date "2024.06.02"]
[Round "-"]
[White "Tatarinov_Maxim"]
[Black "MagnersCarlsberg2870"]
[Result "1-0"]
[WhiteElo "2295"]
[BlackElo "1767"]
[TimeControl "300"]
[EndTime "5:08:21 PDT"]
[Termination "Tatarinov_Maxim won by resignation"]

1. d4 Nf6 2. c4 e5 3. dxe5 Ne4 4. Nf3 Bb4+ 5. Nbd2 d6 6. exd6 Bxd6 7. e3 Nxd2 8.
Bxd2 Bg4 9. Be2 O-O 10. Bc3 Nc6 11. O-O Bxf3 12. Bxf3 Qh4 13. g3 Qxc4 14. Qe2 Qe6 15. Rfd1 Rad8 16. Bg2 Be5 17. Rxd8 Rxd8 18. Bxe5 Nxe5 19.
b3 Qf6 20. Rd1 Rxd1+ 21. Qxd1 g6 22. Bxb7 c6 23. Ba6 Nf3+ 24. Kg2 Ne5 25. Be2 h5 26. h3 h4 27. g4 c5 28. Qd5 Kg7 29. Qxc5 g5 30.
Qxa7 1-0

[Event "Live Chess"]
[Site "Chess.com"]
[Date "2024.06.02"]
[Round "-"]
[White "PureDashingOctopus"]
[Black "GwaryTek"]
[Result "1-0"]
[WhiteElo "2281"]
[BlackElo "1833"]
[TimeControl "300"]
[EndTime "5:08:24 PDT"]
[Termination "PureDashingOctopus won by resignation"]

1. e4 Nf6 2. e5 Nd5 3. d4 d6 4. exd6 cxd6 5. Nf3 g6 6. Be2 Bg7 7. O-O O-O 8. c4 Nc7 9. Nc3 Nc6 10. Be3 d5 11. c5 Bg4 12. a3 Bxf3 13. Bxf3 e5 14. dxe5 Nxe5 15. Bxd5 Nxd5 16. Qxd5 Qxd5 17. Nxd5 Nc4 18.
Bg5 Nxb2 19. Rab1 Nc4 20. Rxb7 Nxa3 21. c6 f6 22. Bf4 Nc4 23. c7 Nb6 24. Nxb6 axb6 25.
Rb8 Rc8 26. Rxc8+ Rxc8 27. Rd1 Kf7 28. Rd8 Rxc7 29. Bxc7 1-0

[Event "Live Chess"]
[Site "Chess.com"]
[Date "2024.06.02"]
[Round "-"]
[White "defenderalist"]
[Black "NeilDruggan73"]
[Result "0-1"]
[WhiteElo "1544"]
[BlackElo "1714"]
[TimeControl "300"]
[EndTime "5:09:14 PDT"]
[Termination "NeilDruggan73 won by resignation"]

1. e4 d6 2. d4 Nf6 3. Nc3 g6 4.
Bc4 Bg7 5. Be3 O-O 6. h3 Nxe4 7. Nxe4 d5 8. Bxd5 Qxd5 9. Qf3 c6 10. Ne2 Bf5 11. N2c3 Qc4 12. O-O-O a5 13. g4 Be6 14. b3 Qb4 15. Kb2 a4 16. a3 Qa5 17. b4 Qc7 18. Nc5 b6 19. Nxe6 fxe6 20. Qe4 Qd7 21. h4 Ra7 22. h5 c5 23. dxc5 Qc6 24. Qc4 b5 25. Qe2 Rd7 26. Rxd7 Nxd7 27.
f3 Ne5 28. hxg6 hxg6 29. Qh2 Nc4+ 30. Ka2 Nxe3 31. Ne4 Qd5+ 32. Kb1 Rxf3 33. Qh7+ Kf7 34. Ng5+ Qxg5 0-1

[Event "Live Chess"]
[Site "Chess.com"]
[Date "2024.06.02"]
[Round "-"]
[White "WilliamofOrange16th"]
[Black "slava_ukr"]
[Result "0-1"]
[WhiteElo "2002"]
[BlackElo "2375"]
[TimeControl "300"]
[EndTime "5:09:24 PDT"]
[Termination "slava_ukr won by resignation"]

1. e4 d5 2. exd5 Qxd5 3. Nf3 Nf6 4. Be2 c6 5. O-O Bf5 6. Nc3 Qd6 7. d4 e6 8. a3 Nbd7 9. Nh4 Bg6 10. g3 Qc7 11. Bf4 Bd6 12. Bxd6 Qxd6 13. Bf3 O-O 14. Nxg6 hxg6 15. Qd2 Rad8 16. Rad1 e5 17. Ne4 Nxe4 18.
Bxe4 Nf6 19. Bg2 Qxd4 20. Qxd4 Rxd4 21. Rxd4 exd4 22. Re1 Rd8 23. Re7 Rd7 24. Re1 c5 25. b4 c4 26. Rd1 Kf8 27. Kf1 Ke7 28. Ke2 b6 29. a4 Kd8 30. a5 b5 31. Bc6 Re7+ 32. Kf3 a6 33. Rxd4+ Kc7 34. Be4 Nd7 35. Kg2 f5 36. Bf3 Ne5 37. Bd1 Nc6 38. Rd2 Nxb4 39. f4 Rd7 40. Rxd7+ Kxd7 41. Kf2 Nc6 42. Ke3 Nxa5 43.
Kd4 Kd6 44. Bf3 Nc6+ 45. Kc3 Kc5 46. h4 b4+ 47. Kb2 Nd4 48. Bb7 a5 49. c3 Ne2 50.
cxb4+ axb4 51. Bc8 Nxg3 52. Be6 Ne2 0-1

[Event "Live Chess"]
[Site "Chess.com"]
[Date "2024.06.02"]
[Round "-"]
[White "friarnator"]
[Black "upoe610"]
[Result "0-1"]
[WhiteElo "2185"]
[BlackElo "2145"]
[TimeControl "300"]
[EndTime "5:09:26 PDT"]
[Termination "upoe610 won by resignation"]

1. d4 Nf6 2. Nc3 d5 3. Bf4 c5 4. e3 e6 5. Nb5 Na6 6. Nf3 Be7 7. Be2 O-O 8. O-O Ne4 9. a4 cxd4 10. exd4 Nd6 11.
Nxd6 Bxd6 12. Bxd6 Qxd6 13. c3 Nb8 14. Bd3 Nc6 15.
Re1 a5 16. Ne5 Nxe5 17. dxe5 Qe7 18. Qh5 g6 19. Qh6 b6 20. Re3 Ba6 21. Rh3 f5 22. exf6 Rxf6 23. Bxa6 Rxa6 24. Rg3 Ra8 25. h4 Raf8 26. h5 Qg7 27. Qxg7+ Kxg7 28. Rf1 e5 29. Rg5 Rf5 30. Rxf5 Rxf5 31. hxg6 hxg6 32. Rd1 e4 33.
b4 Kf6 34. bxa5 bxa5 35. Rb1 Ke6 36. Rb6+ Kd7 37. Rxg6 d4 38. cxd4 Rd5 39. Ra6 Kc7 40.
Kf1 Kb7 41. Re6 Rxd4 42. g4 Rxa4 43. g5 Ra1+ 44. Ke2 Rg1 45. g6 a4 46. Rxe4 a3 47. Re7+ Kb6 48. g7 a2 49. Re8 a1=Q 50.
g8=Q Rxg8 51. Rxg8 Qa2+ 0-1

[Event "Live Chess"]
[Site "Chess.com"]
[Date "2024.06.02"]
[Round "-"]
[White "gobbles19"]
[Black "FlyingChessKestrel13"]
[Result "1-0"]
[WhiteElo "2254"]
[BlackElo "2072"]
[TimeControl "300"]
[EndTime "5:10:01 PDT"]
[Termination "gobbles19 won by resignation"]

1. e4 c5 2. d4 cxd4 3. c3 dxc3 4.
Nxc3 e6 5. Bc4 d6 6. Nf3 Be7 7. O-O Nc6 8. Qe2 Nf6 9. Rd1 Qc7 10. h3 a6 11. Bf4 O-O 12. Rac1 Bd7 13. Bb3 e5 14.
Bg5 Be6 15. Bxe6 fxe6 16. Qc4 Qd7 17. Bxf6 Rxf6 18. Na4 Raf8 19. Nb6 Qc7 20. Nd5 exd5 21.
exd5 Kh8 22. dxc6 bxc6 23. Rc2 c5 24. Qxa6 d5 25. Qa4 e4 26. Nh2 Rf5 27. Ng4 Bg5 28. Qb5 h5 29. Rxc5 Qf4 30. Rdxd5 Rxd5 31. Rxd5 hxg4 32.
Rxg5 Qxf2+ 33. Kh2 Qf4+ 34. Kg1 Qf2+ 35. Kh1 Qf1+ 36.
Qxf1 Rxf1+ 37. Kh2 gxh3 38. Kxh3 Rf2 39. Rb5 e3 40.
Kg3 Kg8 41. a4 Kf7 42. a5 Rf6 43. Re5 Ra6 44. Kf3 Kf6 45. Rb5 Ke7 46. Kxe3 Kd7 47. Kd4 Kc6 48. Rc5+ Kd6 49. Rg5 Ra7 50. Rg6+ 1-0

[Event "Live Chess"]
[Site "Chess.com"]
[Date "2024.06.02"]
[Round "-"]
[White "vincents82"]
[Black "BearFromUkraine"]
[Result "1-0"]
[WhiteElo "1994"]
[BlackElo "988"]
[TimeControl "300"]
[EndTime "5:10:09 PDT"]
[Termination "vincents82 won by resignation"]

1. e4 e5 2. Nf3 Nc6 3. Bb5 a6 4. Ba4 b5 5. Bb3 h6 6. O-O Bc5 7. Re1 Nf6 8. d3 d6 9. c3 O-O 10. Nbd2 Qe7 11. Nf1 Be6 12. Bc2 Bg4 13. h3 Bxf3 14.
Qxf3 Rad8 15. Ng3 d5 16. Nf5 d4 17. Nxe7+ 1-0

[Event "Live Chess"]
[Site "Chess.com"]
[Date "2024.06.02"]
[Round "-"]
[White "missedJariChance"]
[Black "RichardABates"]
[Result "0-1"]
[WhiteElo "1360"]
[BlackElo "2340"]
[TimeControl "300"]
[EndTime "5:10:32 PDT"]
[Termination "RichardABates won by resignation"]

1. b3 g6 2. Bb2 Nf6 3. e3 Bg7 4.
Nf3 O-O 5. Be2 d6 6. O-O e5 7. d3 Nbd7 8. Nbd2 Re8 9. Re1 d5 10. c4 e4 11. dxe4 dxe4 12. Nd4 Ne5 13. Qc2 Bg4 14.
Bxg4 Nexg4 15. h3 Ne5 16. Nxe4 Nxe4 17. Qxe4 Nxc4 18. Qc2 Nxb2 19. Qxb2 c5 0-1

[Event "Live Chess"]
[Site "Chess.com"]
[Date "2024.06.02"]
[Round "-"]
[White "KeithArkell"]
[Black "Ferrarifan27"]
[Result "0-1"]
[WhiteElo "2418"]
[BlackElo "2166"]
[TimeControl "300"]
[EndTime "5:11:01 PDT"]
[Termination "Ferrarifan27 won by resignation"]

1. d4 e5 2. dxe5 d6 3. Nf3 Nc6 4. Nc3 Be7 5. exd6 Bxd6 6. Ne4 Bb4+ 7. Bd2 Qe7 8. Nc3 Nf6 9. a3 Ba5 10. e3 O-O 11. Bd3 Bg4 12. h3 Bh5 13. O-O Rad8 14. b4 Bb6 15. Na4 Ne5 16. Nxb6 Nxf3+ 17. gxf3 axb6 18.
Kh2 Qd6+ 19. f4 Bxd1 20. Raxd1 Qe7 21. Bc3 Ne4 22. Bb2 Rfe8 23. Rg1 g6 24. Rdf1 c5 25. Be5 Nd2 0-1

[Event "Live Chess"]
[Site "Chess.com"]
[Date "2024.06.02"]
[Round "-"]
[White "upoe610"]
[Black "defenderalist"]
[Result "1-0"]
[WhiteElo "2146"]
[BlackElo "1543"]
[TimeControl "300"]
[EndTime "5:11:16 PDT"]
[Termination "upoe610 won by resignation"]

1. c4 e5 2. g3 Nf6 3. Bg2 d6 4. Nc3 Be6 5. d3 Nc6 6. Bg5 Qd7 7. Rb1 h6 8. Bxf6 gxf6 9. b4 Nd4 10. e3 Nf5 11. b5 Rb8 12. Qa4 a6 13. bxa6 b6 14. Qxd7+ 1-0

[Event "Live Chess"]
[Site "Chess.com"]
[Date "2024.06.02"]
[Round "-"]
[White "Duke_of_Bebington"]
[Black "CarmelJane"]
[Result "0-1"]
[WhiteElo "1627"]
[BlackElo "2033"]
[TimeControl "300"]
[EndTime "5:11:29 PDT"]
[Termination "CarmelJane won by resignation"]

1. e4 c5 2. Nf3 e6 3. c3 Nf6 4.
e5 Nd5 5. d4 cxd4 6. cxd4 Nc6 7. Nc3 Nb6 8. Bb5 a6 9. Bxc6 dxc6 10. O-O Be7 11. Ne2 O-O 12. Nf4 Nd5 13. Nxd5 Qxd5 14.
Be3 b6 15. a3 Bb7 16. Rc1 Rad8 17. Qe2 Qe4 18. Nd2 Qg6 19. f4 Rd7 20. Rf3 Qh5 21.
Qd3 c5 22. Rh3 Qg6 23. Qxg6 hxg6 24. dxc5 Bxc5 25. Nc4 Bxe3+ 26. Rxe3 Rd4 27. Nd6 Bd5 28. g3 Rd2 29. Ne4 Rxb2 30. Nc3 Rd8 31. Na4 Rg2+ 32. Kf1 Rxh2 33. Nxb6 Rh1+ 34. Ke2 Rxc1 35. Kd2 Rc5 36. Rd3 Rb5 37. Nxd5 Rdxd5 38. Rxd5 Rxd5+ 39. Kc3 a5 40. a4 Kh7 41. g4 g5 0-1

[Event "Live Chess"]
[Site "Chess.com"]
[Date "2024.06.02"]
[Round "-"]
[White "PureDashingOctopus"]
[Black "Tatarinov_Maxim"]
[Result "1-0"]
[WhiteElo "2289"]
[BlackElo "2286"]
[TimeControl "300"]
[EndTime "5:11:34 PDT"]
[Termination "PureDashingOctopus won by resignation"]

1. e4 g6 2. d4 Bg7 3. Nc3 d6 4. f3 Nf6 5. Be3 O-O 6. Qd2 b6 7. O-O-O Nbd7 8. g4 c5 9. h4 cxd4 10. Bxd4 Nc5 11. h5 Ne6 12. hxg6 hxg6 13. Bxf6 exf6 14. Qh2 Re8 15. Rxd6 Qe7 16. Nd5 Qb7 17. Bb5 Rd8 18.
Bc6 Qa6 19. Rxd8+ Nxd8 20. Bxa8 1-0

[Event "Live Chess"]
[Site "Chess.com"]
[Date "2024.06.02"]
[Round "-"]
[White "Queensandpawns"]
[Black "ZatixMajor"]
[Result "1-0"]
[WhiteElo "2267"]
[BlackElo "2032"]
[TimeControl "300"]
[EndTime "5:11:39 PDT"]
[Termination "Queensandpawns won by resignation"]

1. e4 c5 2. d4 cxd4 3. c3 g6 4. Qxd4 Nf6 5. Bg5 Nc6 6. Qa4 Bg7 7. Nf3 d5 8. exd5 Nxd5 9. Bb5 Bd7 10. O-O Nb6 11.
Qb3 O-O 12. Re1 Re8 13. Nbd2 Na5 14. Qb4 Nd5 15. Qa4 Bxb5 16. Qxb5 a6 17. Qd3 Nf6 18. Qc2 h6 19. Bh4 Nd5 20. Rad1 Qc7 21. Bg3 Qb6 22. Ne4 Nf6 23. Be5 Nxe4 24. Qxe4 Qxb2 25. Bxg7 Kxg7 26. Qe5+ Kg8 27. Qxa5 Rac8 28. Rb1 Qxc3 29. Qxc3 Rxc3 30. Rxb7 Rec8 31. Rbxe7 Rc2 32. R7e2 R8c3 33. Rxc2 Rxc2 34. a4 Rc4 35. Ra1 f5 36. Ne5 Rb4 37. Nxg6 Re4 38.
g3 Rb4 39. Ne7+ Kf7 40. Nxf5 Ke6 41. Nxh6 1-0

[Event "Live Chess"]
[Site "Chess.com"]
[Date "2024.06.02"]
[Round "-"]
[White "TheSmoulderingMaster"]
[Black "Victor_Bondar"]
[Result "1-0"]
[WhiteElo "1774"]
[BlackElo "1458"]
[TimeControl "300"]
[EndTime "5:12:13 PDT"]
[Termination "TheSmoulderingMaster won by checkmate"]

1. e4 d5 2. exd5 Qxd5 3. Nc3 Qa5 4. d4 Nf6 5. Nf3 Bg4 6. Be2 c6 7. O-O e6 8. Ne5 Bf5 9. Bd2 Qc7 10. Bf4 Bd6 11.
Bf3 Nbd7 12. Re1 h6 13. Qd2 g5 14. Bg3 Nxe5 15. dxe5 O-O-O 16. exd6 Rxd6 17. Qxd6 Qxd6 18. Bxd6 Nd5 19. Nxd5 cxd5 20. c4 g4 21. Be4 Bxe4 22. Rxe4 dxe4 23. c5 f5 24. Kf1 b6 25. b4 h5 26. Ke2 Kd7 27. Ke3 h4 28. a4 g3 29.
hxg3 hxg3 30. fxg3 Rh2 31. Ra2 Rh1 32. Kd4 Rd1+ 33. Ke5 e3 34. Re2 Rd2 35. Rxe3 Rxg2 36.
Kf6 Rb2 37. Rxe6 bxc5 38. bxc5 Rb3 39. Kxf5 Rf3+ 40. Ke4 Rc3 41. Re7+ Kc6 42. Rc7# 1-0

[Event "Live Chess"]
[Site "Chess.com"]
[Date "2024.06.02"]
[Round "-"]
[White "BearFromUkraine"]
[Black "FlyingChessKestrel13"]
[Result "0-1"]
[WhiteElo "988"]
[BlackElo "2072"]
[TimeControl "300"]
[EndTime "5:12:24 PDT"]
[Termination "FlyingChessKestrel13 won by resignation"]

1. e4 c5 2. Nf3 Nf6 3. Nc3 d6 4. h3 g6 5. d3 Bg7 6. Be2 O-O 7. O-O a6 8. Bg5 b5 9. a3 Nbd7 10. Qd2 Rb8 11. Bh6 b4 12. axb4 cxb4 13. Bxg7 Kxg7 14.
Nd5 Nxd5 15. exd5 Nf6 16. Rxa6 Bxa6 0-1

[Event "Live Chess"]
[Site "Chess.com"]
[Date "2024.06.02"]
[Round "-"]
[White "matt1979"]
[Black "JanMur7"]
[Result "0-1"]
[WhiteElo "1413"]
[BlackElo "2296"]
[TimeControl "300"]
[EndTime "5:12:34 PDT"]
[Termination "JanMur7 won by resignation"]

1. f4 e5 2. fxe5 d6 3. exd6 Bxd6 4. Nf3 g5 5. g3 h5 6. d4 f6 7. Bg2 h4 8. gxh4 g4 9. Ng1 f5 10. Bg5 Be7 11. Bxe7 Qxe7 12. Qd3 Qxh4+ 13. Qg3 Nc6 14. Qxh4 Rxh4 15. c3 Nf6 16. Bxc6+ bxc6 17. Nd2 c5 18. e3 Bb7 19. e4 Nxe4 20. Nxe4 Bxe4 21. O-O-O Bxh1 22. Ne2 Bf3 23. Re1 Bxe2 24. Rxe2+ Kf7 25. dxc5 Re8 26.
Rd2 f4 27. Rc2 g3 0-1